 Dungeon Crawl Stone Soup version 0.29.1-2-gbd0b4ee654 (webtiles) character file.

Game seed: 3692835447571011803

231 Ivernyr the Stinger (level 6, -2/50 (52) HPs)
             Began as a Naga Venom Mage on Nov 1, 2022.
             Slain by Crazy Yiuf
             ... wielding a +2 quarterstaff of chaos
              (4 damage)
             ... on level 2 of the Dungeon.
             The game lasted 00:07:32 (2369 turns).

Ivernyr the Stinger (Naga Venom Mage)               Turns: 2369, Time: 00:07:33

HP:   -2/50 (52)    AC:  4    Str: 10    XL:     6   Next: 3%
MP:   2/10          EV: 10    Int: 17    God:
Gold: 96            SH:  0    Dex: 12    Spells: 5/11 levels left

rFire   . . .      SeeInvis +   (no weapon)
rCold   . . .      Faith    .   (no shield)
rNeg    . . .      Spirit   .   a - +0 robe
rPois   +          Reflect  .   h - +0 helmet
rElec   .          Harm     .   (no cloak)
rCorr   .          Rampage  .   (no gloves)
Will    .....                   (no barding)
Stlth   ++........              c - amulet of the acrobat
HPRegen 0.16/turn               (no ring)
MPRegen 0.12/turn               (no ring)

@: lethally poisoned (-2 -> -9), very slightly contaminated, lightly drained,
very slow
A: AC +2, large, see invisible, deformed body, poison resistance, slowness 2,
spit poison 1, naga tail 1
a: Spit Poison


You were on level 2 of the Dungeon.
You visited 1 branch of the dungeon, and saw 2 of its levels.

You collected 96 gold pieces.

Inventory:

Armour
 a - a +0 robe (worn)
 h - a +0 helmet (worn)
Jewellery
 c - an amulet of the acrobat (around neck)
Scrolls
 d - 2 scrolls of fear {unknown}
 e - 4 scrolls of identify {unknown}
 g - a scroll of amnesia {unknown}
 k - a scroll of fog {unknown}
Potions
 b - 3 potions of magic
 f - a potion of might {unknown}
 i - a potion of curing {unknown}
 j - a potion of brilliance {unknown}


   Skills:
 + Level 2.1 Fighting
 + Level 1.8 Armour
 - Level 1.5 Dodging
 - Level 3.0 Stealth
 + Level 3.0 Spellcasting
 + Level 2.5 Transmutations
 + Level 5.2 Poison Magic


You had 5 spell levels left.
You knew the following spells:

 Your Spells              Type           Power      Damage    Failure   Level
a - Sting                 Tmut/Pois      60%        1d6       3%          1
b - Poisonous Vapours     Pois/Air       22%        N/A       9%          2
c - Mephitic Cloud        Conj/Pois/Air  8%         N/A       26%         3

Your spell library contained the following spells:

 Spells                   Type           Power      Damage    Failure   Level
 Olgreb's Toxic Radiance  Pois           20%        N/A       21%         4
 Summon Guardian Golem    Hex/Summ       2%         N/A       45%         3
 Orb of Destruction       Conj           1%         9d5       100%        7
 Spellforged Servitor     Conj/Summ      1%         N/A       100%        7


Dungeon Overview and Level Annotations

Branches:
Dungeon (2/15)

Altars:

Annotations:
D:2 Crazy Yiuf


Innate Abilities, Weirdness & Mutations

Your serpentine skin is tough. (AC +2)
You have supernaturally acute eyesight. (SInv)
Armour fits poorly on your strangely shaped body.
Your system is resistant to poisons. (rPois)
You cover ground very slowly.
You can spit poison.
You have a snake-like lower body.


Message History

Confirm with . or Enter, or press ? or * to list all spells.
Aiming: Sting (safe; 3% risk of failure)
Press: ? - help, Shift-Dir - straight line, f/p - Crazy Yiuf
Aim: Crazy Yiuf, wielding a +2 quarterstaff of chaos and wearing a +2 cloak of stealth (very poisoned, 77% to hit)
The sting hits Crazy Yiuf but does no damage.
Crazy Yiuf looks even sicker.
You feel very sick.
Crazy Yiuf laughs, "Aardvark!"
Crazy Yiuf closely misses you.
You can't do that yet.
Unknown command.
Casting: Sting (safe; 3% risk of failure)
Confirm with . or Enter, or press ? or * to list all spells.
Aiming: Sting (safe; 3% risk of failure)
Press: ? - help, Shift-Dir - straight line, f/p - Crazy Yiuf
Aim: Crazy Yiuf, wielding a +2 quarterstaff of chaos and wearing a +2 cloak of stealth (very poisoned, 77% to hit)
The sting misses Crazy Yiuf.
You have got your breath back.
You feel very sick.
Crazy Yiuf hits you with a +2 quarterstaff of chaos!
Casting: Sting (safe; 3% risk of failure)
Confirm with . or Enter, or press ? or * to list all spells.
Aiming: Sting (safe; 3% risk of failure)
Press: ? - help, Shift-Dir - straight line, f/p - Crazy Yiuf
Aim: Crazy Yiuf, wielding a +2 quarterstaff of chaos and wearing a +2 cloak of stealth (lightly wounded, very poisoned, 77% to hit)
The sting hits Crazy Yiuf.
Crazy Yiuf looks as sick as possible!
Crazy Yiuf is moderately wounded.
You feel very sick.
Crazy Yiuf waves his quarterstaff at you.
Crazy Yiuf hits you with a +2 quarterstaff of chaos.
* * * LOW HITPOINT WARNING * * *
You feel drained.
* * * LOW HITPOINT WARNING * * *
You hit Crazy Yiuf but do no damage.
Crazy Yiuf is moderately wounded.
You feel sick.
Crazy Yiuf hits you with a +2 quarterstaff of chaos!
* * * LOW HITPOINT WARNING * * *
Crazy Yiuf freezes you.
You die...

#######.# #.#.###............
......#.#######.†...#.####.######
#####.#.......#.....#.# #.#.....
# #.################# #.#.....
#...# #....... #..(##♣♣♣♣♣
#####..... #.......♣.♣♣♣ ###
#......... #........♣..♣#...#
####.....# #.......♣♣♣♣@g...#
#.....# #......♣♣ ♣♣#..)# #......
#...##♣♣ ### ####### #####
########## #........# #####
#........# ....# #........#


You could see Crazy Yiuf (extremely poisoned).

Vanquished Creatures
  Sigmund (D:2)
  An adder (D:2)
  2 dart slugs (D:2)
  3 ball pythons
  7 bats
  5 endoplasms
  A giant cockroach (D:1)
  5 hobgoblins
  3 kobolds (D:2)
  3 quokkas
  2 frilled lizards
  6 goblins
  4 rats
43 creatures vanquished.

Notes
Turn   | Place    | Note
-------+----------+-------------------------------------------
     0 | D:1      | Ivernyr the Naga Venom Mage began the quest for the Orb.
     0 | D:1      | Reached XP level 1. HP: 15/15 MP: 3/3
   376 | D:1      | Reached XP level 2. HP: 24/24 MP: 3/5
   379 | D:1      | Learned a level 2 spell: Poisonous Vapours
   798 | D:1      | Reached XP level 3. HP: 13/30 MP: 1/6
  1282 | D:2      | Reached skill level 1 in Fighting
  1380 | D:2      | Reached skill level 1 in Armour
  1769 | D:2      | Learned a level 3 spell: Mephitic Cloud
  1780 | D:2      | Found a runed translucent door.
  1781 | D:2      | Noticed Crazy Yiuf
  1853 | D:2      | Reached XP level 4. HP: 38/38 MP: 7/7
  1990 | D:2      | Noticed Sigmund
  2032 | D:2      | Killed Sigmund
  2033 | D:2      | Reached skill level 5 in Poison Magic
  2033 | D:2      | Reached XP level 5. HP: 18/45 MP: 1/9
  2033 | D:2      | Reached XP level 6. HP: 21/52 MP: 1/10
  2369 | D:2      | HP: 2/50 [Crazy Yiuf/+2 quarterstaff of chaos (8)]
  2369 | D:2      | Slain by Crazy Yiuf

Illustrated notes

Levels and vault maps discovered:
D:1:      dpeg_arrival_solitude, layout_loops_ring, minmay_misc_feat_nine_boxes
D:2:      layout_basic, uniq_crazy_yiuf_cottage, uniq_sigmund

Skill      XL: |  1  2  3  4 |
---------------+-------------+-----
Fighting       | 1 2 |  2.1
Armour         | 1 |  1.8
Spellcasting   | 3 |  3.0
Transmutations | 2 |  2.5
Poison Magic   | 5 |  5.2
Dodging        | |  1.5
Stealth        | |  3.0

Action                   |  1- 3 |  4- 6 || total
-------------------------+-------+-------++-------
Melee: Unarmed           |    34 |     3 ||    37
 Cast: Sting             |    38 |    13 ||    51
       Poisonous Vapours |       |     2 ||     2
 Abil: Spit Poison       |    30 |     3 ||    33
Armor: Robe              |    12 |     3 ||    15
Dodge: Dodged            |    23 |     6 ||    29
